 Dungeon Crawl Stone Soup version 0.21.0-3-g78d12a8 (console) character file.

214 removed the Cutter (level 5, -12/35 HPs)
             Began as a Mummy Enchanter on Jan 16, 2018.
             Was an Initiate of Ashenzari.
             Mangled by an ogre
             ... wielding a +0 giant club
              (23 damage)
             ... on level 6 of the Dungeon.
             The game lasted 00:11:55 (4401 turns).

removed the Cutter (Mummy Enchanter)                Turns: 4401, Time: 00:11:56

Health: -12/35     AC:  3    Str: 12    XL:     5   Next: 59%
Magic:  18/18      EV: 12    Int: 15    God:    Ashenzari [......]
Gold:   233        SH:  0    Dex: 12    Spells: 1/10 levels left

rFire    x . .     SeeInvis .   a - +1 dagger
rCold    + . .     Gourm    .   (no shield)
rNeg     + + +     Faith    .   f - +0 robe
rPois    ∞         Spirit   .   (no helmet)
rElec    .         Reflect  .   l - +0 cloak (curse)
rCorr    .         Harm     .   (no gloves)
MR       .....                  (no boots)
Stlth    ++........             (no amulet)
HPRegen  0.11/turn              d - ring of magical power (curse)
MPRegen  0.16/turn              o - ring of wizardry (curse)

@: no status effects
A: no food or potions, fire vulnerability, cold resistance 1, negative energy
resistance 3, torment resistance, unbreathing
a: Curse Item, Renounce Religion


You were on level 6 of the Dungeon.
You worshipped Ashenzari.
Ashenzari was noncommittal.
You were not hungry.

You visited 1 branch of the dungeon, and saw 5 of its levels.

You collected 233 gold pieces.

Inventory:

Hand Weapons
 a - a +1 dagger (weapon)
 b - a +0 blowgun
 r - a +3 spear
Missiles
 p - 6 poisoned needles
 q - 2 stones (quivered)
Armour
 f - a +0 robe (worn)
 l - a cursed +0 cloak (worn)
Jewellery
 d - a cursed ring of magical power (left hand)
 o - a cursed ring of wizardry (right hand)
Scrolls
 e - a scroll of magic mapping
 h - 2 scrolls of remove curse
 i - a scroll of blinking {unknown}
 j - 2 scrolls of enchant weapon {unknown}
 k - 4 scrolls of identify {unknown}
 m - a scroll of noise {unknown}
 n - a scroll of immolation {unknown}
Books
 c - a book of Maledictions

   Spells                             Type                      Level
   a - Corona                         Hexes                        1
   b - Ensorcelled Hibernation        Hexes/Ice                    2
   c - Confuse                        Hexes                        3
   d - Tukima's Dance                 Hexes                        3
   e - Dazzling Spray                 Conjuration/Hexes            3


   Skills:
 - Level 3.8 Short Blades
 - Level 1.5 Dodging
 - Level 3.0 Stealth
 - Level 3.0 Spellcasting
 + Level 3.0 Hexes
 - Level 1.0 Ice Magic


You had one spell level left.
You knew the following spells:

 Your Spells              Type           Power        Failure   Level  Hunger
a - Corona                Hex            ##.....      2%          1    N/A
b - Ensorcelled Hibernat  Hex/Ice        #.....       5%          2    N/A
c - Confuse               Hex            ##......     7%          3    N/A
d - Tukima's Dance        Hex            ##......     7%          3    N/A

Dungeon Overview and Level Annotations

Branches:
Dungeon (6/15)             Temple (0/1) D:5

Altars:
Ashenzari
Gozag
Qazlal
Xom
The Shining One

Annotations:
D:3 exclusion: orc wizard


Innate Abilities, Weirdness & Mutations

You do not eat or drink.
Your flesh is vulnerable to fire.
You are immune to poison.
Your flesh is cold resistant. (rC+)
You are immune to negative energy. (rN+++)
You are immune to unholy pain and torment.
You can survive without breathing.


Message History

Casting: Ensorcelled Hibernation
Confirm with . or Enter, or press ? or * to list all spells.
Aiming: Confuse
Press: ? - help, Shift-Dir - straight line, f - ogre
Aim: an ogre, wielding a giant club (resting, chance to defeat MR: 42%)
Okay, then.
You see here an uncursed short sword.
The helpless ogre fails to defend itself.
You impale the ogre!!
The ogre is severely wounded.
The ogre hits you with a giant club!!
Ouch! That really hurt!
* * * LOW HITPOINT WARNING * * *
Press: ? - help, v - describe, . - travel
Here: an ogre, wielding a giant club (severely wounded)
The floor, spattered with blood.
You see here an uncursed short sword.
The ogre hits you with a giant club!!
Ouch! That really hurt!
You die...

..# #.##.##.# #.#.
..# # #.......# #.#
.[##.# ####.#### #..
.....# #.# ####
#.#### #.# #.# #.#
#.# #.# #.# ##.##
#.# #.#
##...########.#
#.####.....#....@O.#
#.#.###...##.#######
#..#.###.###.#
#............#
##############


You could see an ogre.

Vanquished Creatures
  2 crimson imps (D:5)
  A bullfrog zombie (D:5)
  A worker ant (D:5)
  An adder (D:2)
  A worm (D:2)
  A dart slug (D:2)
  A leopard gecko (D:5)
  7 orcs (D:3)
  10 bats
  6 giant cockroaches
  8 hobgoblins
  3 jackals (D:3)
  2 quokkas
  A ball python (D:1)
  4 frilled lizards
  8 kobolds
  9 rats
66 creatures vanquished.

Notes
Turn   | Place    | Note
-------+----------+-------------------------------------------
     0 | D:1      | removed the Mummy Enchanter began the quest for the Orb.
     0 | D:1      | Reached XP level 1. HP: 13/13 MP: 4/4
   100 | D:1      | Reached skill level 1 in Short Blades
   349 | D:1      | Reached XP level 2. HP: 17/19 MP: 5/5
   353 | D:1      | Learned a level 2 spell: Ensorcelled Hibernation
  1457 | D:2      | Found a shattered altar of Ashenzari.
  1561 | D:2      | Became a worshipper of Ashenzari the Shackled
  1581 | D:2      | Reached XP level 3. HP: 24/24 MP: 7/7
  1660 | D:2      | Found an opulent altar of Gozag.
  2071 | D:2      | Reached skill level 1 in Ice Magic
  2242 | D:2      | Found a glowing golden altar of the Shining One.
  2244 | D:2      | Found a stormy altar of Qazlal.
  2293 | D:2      | Learned a level 3 spell: Confuse
  2479 | D:3      | Found a shimmering altar of Xom.
  2776 | D:3      | Reached XP level 4. HP: 27/30 MP: 3/8
  3066 | D:3      | Learned a level 3 spell: Tukima's Dance
  3164 | D:3      | You fall through a shaft for 2 floors!
  3164 | D:5      | Entered Level 5 of the Dungeon
  3308 | D:5      | Reached XP level 5. HP: 31/35 MP: 1/9
  3574 | D:5      | Found a staircase to the Ecumenical Temple.
  4377 | D:6      | Noticed an ogre
  4401 | D:6      | Mangled by an ogre

Skill      XL: |  1  2  3  4 |
---------------+-------------+-----
Short Blades   | 1 2 3 |  3.8
Stealth        | 3 |  3.0
Ice Magic      | 1 |  1.0
Hexes          | 3 |  3.0
Spellcasting   | 3 |  3.0
Dodging        | |  1.5

Action                   |  1- 3 |  4- 6 || total
-------------------------+-------+-------++-------
Melee: Dagger            |   142 |   108 ||   250
 Fire: Blowgun           |       |     6 ||     6
 Cast: Corona            |    17 |     1 ||    18
       Ensorcelled Hiber |    40 |    22 ||    62
       Confuse           |       |    24 ||    24
Invok: Curse Item        |     2 |     1 ||     3
  Use: Scroll            |       |     3 ||     3
 Stab: Sleeping          |    24 |    11 ||    35
       Confused          |       |     4 ||     4
Armor: Robe              |    56 |    25 ||    81
Dodge: Dodged            |   138 |    65 ||   203
